 Dungeon Crawl Stone Soup version 0.31-a0-982-g1816016f30 (webtiles) character file.

Game seed: 17153354156238466255

4077 BinkBink the Skirmisher (level 10, -4/51 HPs)
             Began as a Spriggan Hunter on Nov 2, 2023.
             Was a Follower of Dithmenos.
             Slain by a boulder beetle (22 damage)
             ... on level 9 of the Dungeon.
             The game lasted 00:16:12 (8698 turns).

BinkBink the Skirmisher (Spriggan Hunter)           Turns: 8698, Time: 00:16:13

Health: -4/51      AC:  5    Str:  7    XL:     10   Next: 5%
Magic:  11/11      EV: 27    Int: 12    God:    Dithmenos [*.....]
Gold:   461        SH:  0    Dex: 22    Spells: 9/9 levels left

rFire   . . .        f - +10 zealot's sword {holy, Zealotry, *Rage rN+ EV+3}
rCold   . . .        (no shield)
rNeg    + . .        E - +0 steam dragon scales
rPois   .            (helmet restricted)
rElec   .            (no cloak)
rCorr   .            (gloves unavailable)
SInv    +            (boots unavailable)
Will    +....        (no amulet)
Stlth   +++++        (no ring)
HPRegen 0.28/turn    (no ring)
MPRegen 0.12/turn

%: random rage (20%)
@: on berserk cooldown, slowed, wreathed by umbra, quick
A: very small, no large weapons, unfitting armour, see invisible, speed 3
a: Renounce Religion


You were on level 9 of the Dungeon.
You worshipped Dithmenos.
Dithmenos was aware of your devotion.
You visited 2 branches of the dungeon, and saw 9 of its levels.

You collected 461 gold pieces.

Inventory:

Hand Weapons
 a - a +2 shortbow of freezing
 f - the +10 zealot's sword (weapon) {holy, Zealotry, *Rage rN+ EV+3}
   (You found it on level 4 of the Dungeon)

   Zealotry:  Whenever the wielder enters a berserk rage, their allies are
   berserked alongside them.
   EV+3:      It affects your evasion (+3).
   rN+:       It protects you from negative energy.
   *Rage:     It berserks you when you make melee attacks (+20% chance).
Armour
 E - +0 steam dragon scales (worn)
Jewellery
 d - a ring of ice
Wands
 v - a wand of quicksilver (15)
 y - a wand of flame (7)
 B - a wand of roots (7)
 D - a wand of charming (5)
Scrolls
 b - a scroll of enchant armour {unknown}
 m - 2 scrolls of teleportation
 n - 2 scrolls of immolation
Potions
 e - 3 potions of enlightenment
 g - a potion of heal wounds
 h - 3 potions of might
 i - 2 potions of berserk rage {unknown}
 j - 2 potions of invisibility
 k - 5 potions of brilliance
 l - 3 potions of curing
 o - 3 potions of attraction
 p - a potion of experience {unknown}
 r - a potion of degeneration {unknown}
 u - 2 potions of mutation {unknown}
 A - a potion of resistance {unknown}


   Skills:
 + Level 5.2 Fighting
 + Level 4.4 Long Blades
 * Level 9.6 Ranged Weapons
 + Level 8.1 Dodging
 + Level 9.2 Stealth


You had 9 spell levels left.
You didn't know any spells.
Your spell library contained the following spells:

 Spells                   Type           Power      Damage    Failure   Level
 Kiss of Death            Conj/Necr      0%         2d5       32%         1
 Sting                    Tmut/Pois      0%         1d3       32%         1
 Cigotuvi's Dreadful Rot  Necr/Pois/Air  0%         N/A       45%         2
 Ensorcelled Hibernation  Hex/Ice        0%         N/A       45%         2
 Lesser Beckoning         Tloc           0%         N/A       45%         2
 Poisonous Vapours        Pois/Air       0%         N/A       45%         2
 Confusing Touch          Hex            0%         N/A       69%         3
 Dazzling Flash           Conj/Hex       0%         N/A       69%         3
 Gell's Gravitas          Tloc           0%         N/A       69%         3
 Hailstorm                Conj/Ice       0%         3d3       69%         3
 Inner Flame              Hex/Fire       0%         N/A       69%         3
 Mephitic Cloud           Conj/Pois/Air  0%         N/A       69%         3
 Teleport Other           Tloc           0%         N/A       69%         3
 Volatile Blastmotes      Fire/Tloc      0%         2d10      69%         3
 Anguish                  Hex/Necr       0%         N/A       97%         4
 Brom's Barrelling Bould  Conj/Erth      0%         2d3       97%         4
 Dispel Undead            Necr           0%         3d6       97%         4
 Fulminant Prism          Conj/Hex       0%         3d5       97%         4
 Iskenderun's Mystic Bla  Conj/Tloc      0%         2d3       97%         4
 Summon Ice Beast         Ice/Summ       0%         N/A       97%         4
 Fireball                 Conj/Fire      0%         3d3       100%        5
 Freezing Cloud           Conj/Ice/Air   0%         6-21      100%        5
 Iskenderun's Battlesphe  Conj           0%         2d6       100%        5
 Yara's Violent Unravell  Hex/Tmut       0%         3d3       100%        5
 Conjure Ball Lightning   Conj/Air       0%         3x3d6     100%        6
 Death Channel            Necr           0%         N/A       100%        6
 Simulacrum               Ice/Necr       0%         N/A       100%        6
 Starburst                Conj/Fire      0%         6d3       100%        6
 Enfeeble                 Hex            0%         N/A       100%        7
 Orb of Destruction       Conj           0%         9d5       100%        7
 Maxwell's Capacitive Co  Air            0%         ∞         100%        8


Dungeon Overview and Level Annotations

Branches:
Dungeon (9/15)             Temple (1/1) D:7
   Lair: D:8-11         Orc: D:9-12

Altars:
Cheibriados
Dithmenos
Elyvilon
Fedhas
Gozag
Hepliaklqana
Kikubaaqudgha
Makhleb
Nemelex Xobeh
Okawaru
Ru
Sif Muna
Trog
Uskayaw
Xom
Jiyva

Annotations:
D:8 3 runed translucent doors, Farnirdx's ghost, novice MiFi; Joseph


Innate Abilities, Weirdness & Mutations

You are very small and have problems with some larger weapons.
You are too small for most types of armour.
You have supernaturally acute eyesight. (SInv)
You cover ground extremely quickly. (Speed+++)


Message History

The boulder beetle barely misses you.
A red film seems to cover your vision as you go berserk!
You feel yourself moving faster!
You feel mighty!
You completely miss the boulder beetle.
The boulder beetle is lightly wounded.
The boulder beetle leaps!
You feel a strong urge to attack something.
You feel your anger nearly subside.
You are no longer berserk.
You are exhausted.
You feel yourself slow down. The boulder beetle misses you.
You slice the boulder beetle!!
The boulder beetle is moderately wounded.
The boulder beetle completely misses you.
You hit the boulder beetle but do no damage.
The boulder beetle is moderately wounded.
The boulder beetle completely misses you.
The boulder beetle misses you.
You slash the boulder beetle!
The boulder beetle is moderately wounded.
The boulder beetle bites you.
You hit the boulder beetle.
The boulder beetle is heavily wounded.
The boulder beetle completely misses you.
The boulder beetle misses you.
You slash the boulder beetle!
The boulder beetle is heavily wounded.
The boulder beetle bites you.
You slash the boulder beetle!
The boulder beetle is heavily wounded.
The boulder beetle closely misses you. The boulder beetle bites you!!
You are too injured to fight recklessly!
You are too injured to fight recklessly!
You hit the boulder beetle but do no damage.
The boulder beetle is heavily wounded.
The boulder beetle misses you.
You hit the boulder beetle.
The boulder beetle is heavily wounded.
The boulder beetle closely misses you. The boulder beetle bites you!!
You die...

####.#...# #...# #.##.##.##
.........######..<# #.##.##.##
####.#..°°°°..#...# #.#.......
#.###.####.#...# #.#..##..#
####.###.####.#...# #........#
..................##
###....#...>
###.####....#......#
#.......##.#
#.####....#...B..###.##.##.....
#.............@...)..#...#...##
#..#.##...#.##...##..........#
#..#.##..........##...._....##
#......<.##......##.........#
#..##.#..#####.####..#...#..#
#..##.#..# ###.###...##.##.##
#........# #.....#.#.......#
#####.#### #.....#.#.....###
#.# #.....#.#.#..##


You could see a boulder beetle.

Vanquished Creatures
  2 two-headed ogres
  Prince Ribbit (D:7)
  A wraith (D:9)
  2 wyverns
  Grum (D:8)
  A steam dragon (D:7)
  An acid dragon (D:8)
  An ice beast (D:8)
  2 sky beasts
  An orc warrior (D:7)
  2 wolves (D:8)
  A bullfrog (D:8)
  3 scorpions
  5 wights (D:8)
  6 killer bees (D:9)
  A howler monkey (D:9)
  3 gnoll boudas
  A hound (D:7)
  A jelly (D:7)
  An orc priest (D:9)
  A sleepcap (D:3)
  2 orc wizards
  Robin (D:3)
  13 gnolls
  7 adders
  A shadow imp (D:6)
  A white imp (D:7)
  A worm (D:3)
  18 orcs
  4 endoplasms
  9 hobgoblins
  7 jackals
  2 kobolds
  5 quokkas
  2 ball pythons
  2 bats
  5 frilled lizards
  11 goblins
  5 rats
134 creatures vanquished.

Notes
Turn   | Place    | Note
-------+----------+-------------------------------------------
     0 | D:1      | BinkBink the Spriggan Hunter began the quest for the Orb.
     0 | D:1      | Reached XP level 1. HP: 10/10 MP: 2/2
    99 | D:1      | Reached XP level 2. HP: 15/15 MP: 3/3
   469 | D:2      | Identified the "Qiowk"
   662 | D:2      | Reached XP level 3. HP: 18/18 MP: 4/4
  1005 | D:2      | Reached XP level 4. HP: 23/23 MP: 5/5
  1407 | D:3      | Reached skill level 5 in Ranged Weapons
  1771 | D:3      | Found a faded altar of an unknown god.
  1802 | D:3      | Reached XP level 5. HP: 27/27 MP: 6/6
  1818 | D:3      | Noticed Robin
  1872 | D:3      | Killed Robin
  1997 | D:4      | Found the +10 zealot's sword {holy, Zealotry, *Rage rN+
                  | EV+3}
  2257 | D:4      | Found a burning altar of Makhleb.
  2308 | D:4      | Found a sacrificial altar of Ru.
  2316 | D:4      | You fall into a shaft and drop 2 floors!
  2407 | D:6      | Found a bloodstained altar of Trog.
  2442 | D:6      | Identified the +4 chain mail of Ru's Wrath {MP+9 Int+3}
  2450 | D:6      | Found a white marble altar of Elyvilon.
  2496 | D:6      | Reached XP level 6. HP: 21/32 MP: 7/7
  3223 | D:7      | Reached skill level 1 in Long Blades
  3478 | D:7      | Found a staircase to the Ecumenical Temple.
  3512 | D:7      | Noticed Prince Ribbit
  3523 | Temple   | Entered the Ecumenical Temple
  3530 | Temple   | Became a worshipper of Dithmenos the Shadowed
  3564 | D:7      | Killed Prince Ribbit
  3565 | D:7      | Reached skill level 5 in Dodging
  3565 | D:7      | Reached skill level 5 in Stealth
  3565 | D:7      | Reached XP level 7. HP: 36/36 MP: 8/8
  3594 | D:7      | Noticed a two-headed ogre
  3876 | D:7      | Noticed a steam dragon
  4139 | D:7      | Killed a two-headed ogre
  4140 | D:7      | Reached XP level 8. HP: 42/42 MP: 9/9
  5037 | D:8      | Noticed Joseph
  5076 | D:8      | Found a runed translucent gate.
  5076 | D:8      | Found a runed translucent gate.
  5076 | D:8      | Found a runed translucent gate.
  5079 | D:8      | Noticed Farnirdx's ghost (novice MiFi)
  5081 | D:8      | Noticed a slime creature
  5085 | D:8      | Found a viscous altar of Jiyva.
  5212 | D:8      | Reached XP level 9. HP: 39/46 MP: 10/10
  6139 | D:8      | Noticed Grum
  6328 | D:8      | Killed Grum
  8086 | D:9      | Found an iron altar of Okawaru.
  8320 | D:9      | Noticed a two-headed ogre
  8353 | D:9      | Killed a two-headed ogre
  8354 | D:9      | Reached skill level 5 in Fighting
  8384 | D:9      | Reached * piety under Dithmenos
  8440 | D:9      | Reached XP level 10. HP: 51/51 MP: 11/11
  8628 | D:9      | Noticed a boulder beetle
  8698 | D:9      | Slain by a boulder beetle

Illustrated notes

Levels and vault maps discovered:
D:1:      dpeg_arrival_rooms_a, layout_rooms
D:2:      layout_basic, minivault_14
D:3:      layout_basic, dreamdust_ecumenical_altar_drowned_temple, uniq_robin
D:4:      layout_gridville, mainiacjoe_overflow_catch_the_wave
D:6:      layout_rooms, mainiacjoe_overflow_boulevard, lemuel_crystal_altar
D:7:      layout_loops_ring, temple_green, chequers_serial_rivers_micro_c,
          uniq_prince_ribbit1
D:8:      layout_basic, gammafunk_ghost_ooze, uniq_grum, uniq_joseph
D:9:      layout_loops_cross, okawaru_gym_becter
Temple:   hellmonk_temple_micro_hex

Skill      XL: |  1  2  3  4  5  6  7  8  9 |
---------------+----------------------------+-----
Stealth        | 2 3 4 5 6 7 9 |  9.2
Dodging        | 3 4 5 6 8 |  8.1
Fighting       | 2 3 4 5 |  5.2
Ranged Weapons | 5 6 7 8 9 |  9.6
Long Blades    | 1 2 3 4 |  4.4

Action                     |  1- 3 |  4- 6 |  7- 9 | 10-12 || total
---------------------------+-------+-------+-------+-------++-------
  Melee: Eudemon blade     |       |       |     8 |     9 ||    17
         Shortbow          |       |       |     1 |       ||     1
   Fire: Shortbow          |    87 |   211 |   344 |    23 ||   665
    Use: Scroll            |       |     5 |    13 |       ||    18
         Potion            |       |     1 |     1 |       ||     2
 Armour: Robe              |     3 |    29 |    10 |       ||    42
         Steam dragon scal |       |       |    34 |     7 ||    41
  Dodge: Dodged            |     8 |    54 |   114 |    14 ||   190

Table legend: (Time is in decaauts)
 A = Elapsed time spent in this place.
 B = Non-inter-level travel time spent in this place.
 C = Inter-level travel time spent in this place.
 D = Time resting spent in this place.
 E = Time spent auto-exploring this place.
 F = Levels seen in this place.
 G = Mean time per level.
                   A        B        C        D        E       F      G
               +--------+--------+--------+--------+--------+-----+--------+
         Total |   6726 |   6581 |    145 |   2073 |   2869 |   9 |  747.3 |
       Dungeon |   6716 |   6579 |    137 |   2073 |   2869 |   8 |  839.5 |
        Temple |     10 |      2 |      8 |      0 |      0 |   1 |   10.0 |
               +--------+--------+--------+--------+--------+-----+--------+

Top non-repeatable levels by time:
     D:8: 2476 daAuts
     D:7: 1565 daAuts
     D:3: 577 daAuts
     D:6: 563 daAuts
     D:2: 505 daAuts
     D:9: 462 daAuts
     D:1: 315 daAuts
     D:4: 250 daAuts
  Temple: 10 daAuts
